 Dungeon Sprint DCSS version bcrawl-1.20 (webtiles) character file.

Game seed: 9993173195018656428

213 Freyura the Twirler (level 5, -1/44 HPs)
             Began as a Demonspawn Gladiator on Jan 21, 2020.
             Was a Follower of Lugonu.
             Slain by a hornet (10 damage)
             ... in the Dungeon (Sprint IX: "|||||||||||||||||||||||||||||").
             The game lasted 00:02:39 (300 turns).

Freyura the Twirler (Demonspawn Gladiator)           Turns: 300, Time: 00:02:40

Health: -1/44      AC: 18    Str: 17    XL:     5   Next: 59%
Magic:  5/7        EV:  7    Int:  9    God:    Lugonu [*.....]
Gold:   0          SH:  0    Dex: 16    Spells: 4/4 levels left

rFire    . . .     SeeInvis .   o - +0 lajatang
rCold    . . .     Gourm    .   (shield currently unavailable)
rNeg     . . .     Faith    .   r - +0 plate armour
rPois    .         Spirit   .   (helmet restricted)
rElec    .         Reflect  .   p - +0 cloak
rCorr    .         Harm     .   (no gloves)
MR       .....     NoTele   +   q - +0 pair of boots
Stlth    ..........             (no amulet)
HPRegen  0.14/turn              s - +2 ring of protection
MPRegen  0.10/turn              t - +3 ring of strength

@: lethally poisoned (-1 -> -8), slowed, very slow
A: antennae 2, icy blue scales 1, rot immunity
a: Bend Space, Renounce Religion


You were in the Dungeon.
You worshipped Lugonu.
Lugonu was aware of your devotion.
You were not hungry.

You visited 1 branch

Inventory:

Hand Weapons
 a - a +0 quarterstaff
 o - a +0 lajatang (weapon)
Missiles
 d - 3 throwing nets (quivered) {!f}
Armour
 b - a +0 leather armour
 c - a +0 helmet
 p - a +0 cloak (worn)
 q - a +0 pair of boots (worn)
 r - a +0 plate armour (worn)
Jewellery
 s - a +2 ring of protection (left hand)
 t - a +3 ring of strength (right hand)
Wands
 n - a wand of iceblast (10)
Scrolls
 k - 2 scrolls of blinking
 l - 3 scrolls of remove curse
 m - 2 scrolls of amnesia
Potions
 f - a potion of invisibility
 g - a potion of heal wounds
 h - a potion of haste
 i - 4 potions of magic
 j - 4 potions of curing
Comestibles
 e - a ration {!d}


   Skills:
 + Level 5.4 Fighting
 * Level 7.1 Staves
 - Level 1.7 Throwing
 + Level 4.3 Armour
 + Level 5.2 Dodging
 + Level 3.6 Invocations


You had 4 spell levels left.
You didn't know any spells.
Your spell library was empty.

Dungeon Overview and Level Annotations

Branches:
Dungeon (1/1)

Altars:
Cheibriados
Dithmenos
Elyvilon
Fedhas
Gozag
Hepliaklqana
Kikubaaqudgha
Lugonu
Makhleb
Nemelex Xobeh
Okawaru
Qazlal
Ru
Sif Muna
Trog
Uskayaw
Vehumet
Wu Jian
Xom
Yredelemnul
Zin
The Shining One
Beogh
Jiyva


Innate Abilities, Weirdness & Mutations

You have a pair of antennae on your head.
You are partially covered in icy blue scales. (AC +2)
You are immune to rotting.


Message History

You kill the iguana!
Lugonu accepts your kill.
Your Staves skill increases to level 7!
You closely miss the hornet.
The hornet stings you but does no damage.
The hornet stings you!
* * * LOW HITPOINT WARNING * * *
You feel much better.
The hornet stings you but does no damage.
You closely miss the hornet. The hornet completely misses you.
The hornet stings you.
You are poisoned.
You feel yourself slow down.
You hit the hornet.
The hornet is moderately wounded.
You feel sick. The hornet stings you!
* * * LOW HITPOINT WARNING * * *
You feel as though you will be slow longer.
The hornet stings you!
You die... ▓▓▓▓▓▓▓▓▓▓▓▓▓▓▓▓▓▓▓▓▓▓▓▓ _______'..|)....@yHl5... ▓▓▓▓▓▓▓▓▓▓▓▓▓▓▓▓▓▓▓▓▓▓▓▓ {{{{

You could see a hippogriff, a hornet, an iguana and a shadow imp.

Vanquished Creatures
  A sky beast (D)
  A scorpion (D)
  A crimson imp (D)
  An iguana (D)
  An ooze (D)
  An orc (D)
  A bat skeleton (D)
  A giant cockroach (D)
  A goblin (D)
  2 hobgoblins (D)
  A kobold (D)
12 creatures vanquished.

Notes
Turn   | Place    | Note
-------+----------+-------------------------------------------
     0 | D        | Freyura the Demonspawn Gladiator began the quest for the
                  | Orb.
     0 | D        | Reached XP level 1. HP: 16/16 MP: 1/1
     4 | D        | Reached skill level 3 in Staves
    15 | D        | Reached skill level 1 in Armour
    23 | D        | Noticed a crimson imp
    23 | D        | Noticed a scorpion
    27 | D        | Gained mutation: You have a pair of small antennae on your
                  | head. [demonic ancestry]
    27 | D        | Reached XP level 2. HP: 19/23 MP: 2/2
    36 | D        | Killed a scorpion
    36 | D        | Reached skill level 5 in Staves
    36 | D        | Gained mutation: You are immune to rotting. [demonic
                  | ancestry]
    36 | D        | Reached XP level 3. HP: 22/30 MP: 3/3
    50 | D        | Gained mutation: You are partially covered in icy blue
                  | scales. (AC +2) [demonic ancestry]
    50 | D        | Reached XP level 4. HP: 28/37 MP: 4/4
    54 | D        | Found a roughly hewn altar of Beogh.
    54 | D        | Found a snail-covered altar of Cheibriados.
    54 | D        | Found a shadowy altar of Dithmenos.
    54 | D        | Found a white marble altar of Elyvilon.
    54 | D        | Found a blossoming altar of Fedhas.
    54 | D        | Found an opulent altar of Gozag.
    55 | D        | Found a hazy altar of Hepliaklqana.
    56 | D        | Found a viscous altar of Jiyva.
    57 | D        | Found an ancient bone altar of Kikubaaqudgha.
    58 | D        | Found a corrupted altar of Lugonu.
    59 | D        | Found a burning altar of Makhleb.
    60 | D        | Found a sparkling altar of Nemelex Xobeh.
    61 | D        | Found an iron altar of Okawaru.
   171 | D        | Found a stormy altar of Qazlal.
   172 | D        | Found a sacrificial altar of Ru.
   173 | D        | Found a shimmering blue altar of Sif Muna.
   174 | D        | Found a bloodstained altar of Trog.
   175 | D        | Found a hide-covered altar of Uskayaw.
   176 | D        | Found a radiant altar of Vehumet.
   177 | D        | Found an ornate altar of the Wu Jian Council.
   178 | D        | Found a shimmering altar of Xom.
   179 | D        | Found a basalt altar of Yredelemnul.
   180 | D        | Found a glowing silver altar of Zin.
   181 | D        | Found a glowing golden altar of the Shining One.
   256 | D        | Became a worshipper of Lugonu the Unformed
   281 | D        | Noticed a sky beast
   281 | D        | Noticed a hornet
   281 | D        | Noticed a hippogriff
   286 | D        | Killed a sky beast
   286 | D        | Reached skill level 5 in Fighting
   286 | D        | Reached skill level 6 in Staves
   286 | D        | Reached skill level 5 in Dodging
   286 | D        | Gained mutation: You have a pair of antennae on your head.
                  | [demonic ancestry]
   286 | D        | Reached XP level 5. HP: 26/44 MP: 4/7
   296 | D        | Reached skill level 7 in Staves
   300 | D        | Slain by a hornet

Skill      XL: |  1  2  3  4  5 |
---------------+----------------+-----
Staves         | 3 5 6 7 |  7.1
Armour         | 1 2 3 4 |  4.3
Dodging        | 3 4 5 |  5.2
Fighting       | 3 4 5 |  5.4
Invocations    | 3 |  3.6
Throwing       | |  1.7

Action                   |  1- 3 |  4- 6 || total
-------------------------+-------+-------++-------
Melee: Quarterstaff      |    32 |       ||    32
       Lajatang          |       |    18 ||    18
  Use: Potion            |     3 |     1 ||     4
Armor: Plate armour      |       |     7 ||     7
Dodge: Dodged            |    23 |     4 ||    27
